 Dungeon Crawl Stone Soup version 0.30-a0-711-gf4ac18a38d (webtiles) character file.

Game seed: 12658989669519647089

1395936 sokol815 the Metallomancer (level 27, 248/248 HPs)
             Began as an Octopode Earth Elementalist on Jan 19, 2023.
             Was an Initiate of Gozag.
             Escaped with the Orb
             ... and 3 runes on Jan 22, 2023!
             The game lasted 08:03:24 (105026 turns).

sokol815 the Metallomancer (OpEE)                 Turns: 105026, Time: 08:03:24

Health: 248/248    AC: 40    Str:  5      XL:     27
Magic:  57/58      EV: 33    Int: 37 (38) God:    Gozag
Gold:   2839       SH: 12    Dex: 34      Spells: 7/62 levels left

rFire   + + .      SeeInvis +    b - +3 Elemental Staff {rElec rF++ rC++ AC+5}
rCold   + + .      Faith    .    i - +3 buckler {rN+}
rNeg    + + +      Spirit   .    t - +0 hat of Dogmatism {Str-3 Int+4}
rPois   ∞          Reflect  .    k - amulet of regeneration
rElec   +          Harm     .    W - ring of willpower
rCorr   +          Rampage  .    n - ring "Ufuwus" {rC+ Int+4 Dex+4}
Will    +++..                    F - ring of Xope {rN+ MP+9 Dex+4 Stlth+}
Stlth   ++++++                   c - ring of Biywets {+Blink rPois rN+ rCorr Slay+4}
HPRegen 1.41/turn                o - ring "Kaid" {*Slow rElec rN++ MP+9 Dex+2}
MPRegen 0.36/turn                u - ring of Spite {rN+ SInv}
                                 e - ring of Shadows {Umbra +Inv Stlth+}
                                 A - ring of Ziawirea {rN+ Int+5 Dex+6}

@: statue-form, wreathed by umbra, studying 3 skills, very slow
A: slow and powerful, torment resistance 1, boosted hp, almost no armour,
amphibious, 8 rings, camouflage 1, (gelatinous body 1), (nimble swimmer 1),
tentacles, (iridescent scales 1), deterioration 1, low MP 1, poison resistance,
cold vulnerability 1
0: Orb of Zot
}: 3/15 runes: decaying, serpentine, silver
a: End Transformation, Renounce Religion, Evoke Blink, Evoke Invisibility,
Potion Petition, Call Merchant, Bribe Branch


You escaped.
You worshipped Gozag.
Gozag was most pleased with you.
You were a living statue of rough stone.
You visited 10 branches of the dungeon, and saw 50 of its levels.
You visited the Abyss 1 time.
You also visited: Ice Cave.

You collected 30582 gold pieces.
You spent 10179 gold pieces at shops.
You paid 17564 gold pieces to Gozag.

Inventory:

Hand Weapons
 a - a +8 short sword of electrocution
   (You took it off a kobold on level 8 of the Dungeon)
 b - the +3 Elemental Staff (weapon) {rElec rF++ rC++ AC+5}
   (You bought it in a shop on level 3 of the Snake Pit)

   It enhances your fire, ice, earth and air magic.
   AC:        It affects your AC (+5).
   rF:        It greatly protects you from fire.
   rC:        It greatly protects you from cold.
   rElec:     It insulates you from electricity.
Missiles
 x - 4 silver javelins
Armour
 f - a +3 buckler of reflection
   (You took it off the Enchantress on level 1 of the Depths)
 i - a +3 buckler of positive energy (worn)
   (You took it off a tengu conjurer on level 13 of the Dungeon)
 t - the +0 hat of Dogmatism (worn) {Str-3 Int+4}
   (You found it on level 2 of the Crypt)

   Str:       It affects your strength (-3).
   Int:       It affects your intelligence (+4).
 z - a +5 kite shield of protection
   (You took it off a tengu warrior on level 15 of the Dungeon)
Jewellery
 c - the ring of Biywets (on tentacle) {+Blink rPois rN+ rCorr Slay+4}
   (You took it off a deep elf blademaster on level 3 of the Elven Halls)

   [ring of slaying]

   Slay:      It affects your accuracy & damage with ranged weapons and melee
   (+4).
   rPois:     It protects you from poison.
   rN:        It protects you from negative energy.
   +Blink:    It lets you blink.
   rCorr:     It protects you from acid and corrosion.
 e - the ring of Shadows (on tentacle) {Umbra +Inv Stlth+}
   (You bought it in a shop on level 8 of the Dungeon)

   [ring of stealth]

   Umbra:     It surrounds you with an aura of shadow, increasing your stealth
   and reducing the accuracy of all others within it.
   +Inv:      It lets you turn invisible.
   Stlth:     It makes you more stealthy.
 h - the ring of Higahyro {rPois Int+6 Dex+2}
   (You bought it in a shop on level 8 of the Dungeon)

   [ring of intelligence]

   Int:       It affects your intelligence (+6).
   Dex:       It affects your dexterity (+2).
   rPois:     It protects you from poison.
 k - an amulet of regeneration (around mantle)
   (You found it on level 4 of the Lair of Beasts)
 m - the ring "Nyts" {rElec EV+5 Dex+3}
   (You bought it in a shop on level 8 of the Dungeon)

   [ring of evasion]

   EV:        It affects your evasion (+5).
   Dex:       It affects your dexterity (+3).
   rElec:     It insulates you from electricity.
 n - the ring "Ufuwus" (right tentacle) {rC+ Int+4 Dex+4}
   (You bought it in a shop on level 3 of the Depths)

   [ring of protection from cold]

   Int:       It affects your intelligence (+4).
   Dex:       It affects your dexterity (+4).
   rC:        It protects you from cold.
 o - the ring "Kaid" (on tentacle) {*Slow rElec rN++ MP+9 Dex+2}
   (You took it off a purple draconian on level 4 of the Realm of Zot)

   [ring of magical power]

   Dex:       It affects your dexterity (+2).
   rElec:     It insulates you from electricity.
   rN:        It greatly protects you from negative energy.
   MP:        It affects your magic capacity (+9).
   *Slow:     It may slow you when you take damage.
 r - the amulet "Zoys" {Reflect Dex+2 SH+5 Stlth+}
   (You took it off a deep elf archer on level 3 of the Elven Halls)

   [amulet of reflection]

   It reflects blocked missile attacks.
   Dex:       It affects your dexterity (+2).
   SH:        It affects your SH (+5).
   Stlth:     It makes you more stealthy.
 u - the ring of Spite (on tentacle) {rN+ SInv}
   (You found it on level 3 of the Crypt)

   [ring of positive energy]

   rN:        It protects you from negative energy.
   SInv:      It lets you see invisible.
 A - the ring of Ziawirea (on tentacle) {rN+ Int+5 Dex+6}
   (You found it on level 4 of the Depths)

   [ring of dexterity]

   Int:       It affects your intelligence (+5).
   Dex:       It affects your dexterity (+6).
   rN:        It protects you from negative energy.
 C - the ring "Arasahu" {rF+ MP+9 Str+6}
   (You found it on level 1 of the Crypt)

   [ring of strength]

   Str:       It affects your strength (+6).
   rF:        It protects you from fire.
   MP:        It affects your magic capacity (+9).
 F - the ring of Xope (on tentacle) {rN+ MP+9 Dex+4 Stlth+}
   (You found it on level 3 of the Crypt)

   [ring of positive energy]

   Dex:       It affects your dexterity (+4).
   rN:        It protects you from negative energy.
   MP:        It affects your magic capacity (+9).
   Stlth:     It makes you more stealthy.
 W - a ring of willpower (left tentacle)
   (You bought it in a shop on level 2 of the Orcish Mines)
 Z - a ring of wizardry {Wiz+, !d}
   (You found it on level 1 of the Dungeon)
Wands
 d - a wand of digging (4)
   (You took it off a yaktaur on level 5 of the Vaults)
 g - a wand of light (23)
   (You found it on level 4 of the Lair of Beasts)
 p - a wand of paralysis (54)
   (You found it on level 1 of the Lair of Beasts)
 q - a wand of flame (127)
   (You took it off Blork the orc on level 4 of the Dungeon)
 y - a wand of mindburst (24)
   (You found it on level 10 of the Dungeon)
Scrolls
 w - 37 scrolls of identify {@r1}
 D - 4 scrolls of blinking {!r}
 E - 12 scrolls of fear
 K - 13 scrolls of immolation {!r}
 O - a scroll of silence
 S - 2 scrolls of summoning
 T - 7 scrolls of fog
 V - 12 scrolls of vulnerability {!r!r}
 X - 10 scrolls of magic mapping {@r4!r}
 Y - 7 scrolls of teleportation {@r3}
Potions
 j - a potion of magic
 B - 6 potions of brilliance
 G - 20 potions of ambrosia {!q}
 H - 4 potions of haste
 I - 7 potions of invisibility
 J - 27 potions of curing {@q1}
 L - 10 potions of flight
 M - 3 potions of might
 N - 7 potions of heal wounds {@q2}
 P - 2 potions of cancellation
 Q - 8 potions of attraction {!q}
 R - 4 potions of resistance
 U - 9 potions of mutation {!q}
Miscellaneous
 l - a condenser vane
   (You found it on level 3 of the Lair of Beasts)
 s - a tin of tremorstones (2/2)
   (You found it on level 4 of the Lair of Beasts)
 v - a lightning rod (4/4)
   (You found it on level 5 of the Vaults)


   Skills:
 + Level 16.8 Fighting
 - Level 10.0 Short Blades
 - Level 4.0(9.9) Maces & Flails
 - Level 13.9(14.1) Staves
 + Level 16.8 Dodging
 - Level 18.0 Stealth
 - Level 8.0 Shields
 - Level 18.0 Spellcasting
 - Level 17.5 Conjurations
 - Level 6.0 Hexes
 - Level 12.0 Transmutations
 - Level 10.0 Ice Magic
 - Level 24.0 Earth Magic
 - Level 10.0 Evocations


You had 7 spell levels left.
You knew the following spells:

 Your Spells              Type           Power      Damage    Failure   Level
a - Irradiate             Conj/Tmut      48%        3d27      1%          5
b - Iron Shot             Conj/Erth      68%        9d13      1%          6
c - Lehudib's Crystal Sp  Conj/Erth      68%        10d15     1%          8
d - Blink                 Tloc           66%        N/A       1%          2
e - Freezing Cloud        Conj/Ice/Air   61%        6-21      1%          5
f - Statue Form           Tmut/Erth      86%        N/A       1%          6
g - Yara's Violent Unrav  Hex/Tmut       39%        3d16      1%          5
h - Apportation           Tloc           66%        N/A       1%          1
i - Shatter               Erth           71%        3d52*     6%          9
z - Lee's Rapid Deconstr  Erth           71%        3d32*     0%          5
A - Ozocubu's Armour      Ice            100%       N/A       1%          3

Your spell library contained the following spells:

 Spells                   Type           Power      Damage    Failure   Level
 Magic Dart               Conj           100%       1d8       0%          1
 Sandblast                Erth           100%       2d20      0%          1
 Passwall                 Tmut/Erth      100%       N/A       0%          2
 Searing Ray              Conj           100%       2d8       0%          2
 Wereblood                Tmut           89%        N/A       0%          2
 Hailstorm                Conj/Ice       100%       3d20      0%          3
 Stone Arrow              Conj/Erth      100%       3d13      0%          3
 Petrify                  Tmut/Erth      100%       N/A       0%          4
 Foxfire                  Conj/Fire      100%       2x1d9     1%          1
 Freeze                   Ice            100%       1d10      1%          1
 Kiss of Death            Conj/Necr      100%       2d13      1%          1
 Necrotise                Necr           100%       1d9       1%          1
 Shock                    Conj/Air       100%       1d9       1%          1
 Sting                    Tmut/Pois      100%       1d8       1%          1
 Summon Small Mammal      Summ           100%       N/A       1%          1
 Ensorcelled Hibernation  Hex/Ice        100%       N/A       1%          2
 Lesser Beckoning         Tloc           66%        N/A       1%          2
 Momentum Strike          Conj/Tloc      100%       3d10      1%          2
 Poisonous Vapours        Pois/Air       98%        N/A       1%          2
 Static Discharge         Conj/Air       100%       2-7/arc   1%          2
 Sublimation of Blood     Necr           33%        N/A       1%          2
 Confusing Touch          Hex            67%        N/A       1%          3
 Dazzling Flash           Conj/Hex       100%       N/A       1%          3
 Frozen Ramparts          Ice            100%       1d16      1%          3
 Ignite Poison            Fire/Tmut/Pois 76%        N/A       1%          3
 Inner Flame              Hex/Fire       70%        N/A       1%          3
 Portal Projectile        Hex/Tloc       100%       N/A       1%          3
 Spider Form              Tmut/Pois      67%        N/A       1%          3
 Summon Guardian Golem    Hex/Summ       53%        N/A       1%          3
 Tukima's Dance           Hex            67%        N/A       1%          3
 Cause Fear               Hex            33%        N/A       1%          4
 Flame Wave               Conj/Fire      99%        2d21      1%          4
 Fulminant Prism          Conj/Hex       44%        3d19      1%          4
 Ice Form                 Ice/Tmut       100%       N/A       1%          4
 Iskenderun's Mystic Bla  Conj/Tloc      78%        2d16      1%          4
 Leda's Liquefaction      Hex/Erth       60%        N/A       1%          4
 Sticky Flame             Conj/Fire      99%        2d11      1%          4
 Summon Ice Beast         Ice/Summ       81%        N/A       1%          4
 Arcjolt                  Conj/Air       49%        1d59      1%          5
 Blade Hands              Tmut           44%        N/A       1%          5
 Borgnjor's Vile Clutch   Necr/Erth      55%        N/A       1%          5
 Fireball                 Conj/Fire      49%        3d19      1%          5
 Iskenderun's Battlesphe  Conj           100%       2d15      1%          5
 Lightning Bolt           Conj/Air       49%        1d70      1%          5
 Metabolic Englaciation   Hex/Ice        47%        N/A       1%          5
 Orb of Destruction       Conj           52%        9d13      1%          7
 Alistair's Intoxication  Tmut/Pois      44%        N/A       2%          5
 Call Canine Familiar     Summ           33%        N/A       3%          3
 Kindle Blastsparks       Fire/Tloc/Air  100%       2d18      3%          3
 Swiftness                Air            49%        N/A       3%          3
 Vampiric Draining        Necr           33%        2d8       3%          3
 Vhi's Electric Charge    Tloc/Air       98%        N/A       3%          3
 Anguish                  Hex/Necr       26%        N/A       3%          4
 Conjure Ball Lightning   Conj/Air       49%        3x3d17    4%          6
 Starburst                Conj/Fire      49%        6d14      4%          6
 Dragon Form              Tmut           44%        N/A       7%          7
 Summon Mana Viper        Hex/Summ       53%        N/A       10%         5
 Airstrike                Air            24%        2d(4-20)  12%         4
 Dispel Undead            Necr           33%        3d14      12%         4
 Manifold Assault         Tloc           33%        N/A       12%         4
 Olgreb's Toxic Radiance  Pois           33%        N/A       12%         4
 Passage of Golubria      Tloc           33%        N/A       12%         4
 Ozocubu's Refrigeration  Ice            51%        4d18      16%         7
 Agony                    Necr           33%        N/A       32%         5
 Storm Form               Tmut/Air       43%        N/A       63%         7
 Death Channel            Necr           16%        N/A       87%         6
 Haunt                    Necr/Summ      16%        N/A       100%        7
 Monstrous Menagerie      Summ           16%        N/A       100%        7
 Summon Hydra             Summ           16%        N/A       100%        7
 Ignition                 Fire           24%        3d8       100%        8
 Infestation              Necr           16%        N/A       100%        8
 Maxwell's Capacitive Co  Air            24%        ∞         100%        8
 Summon Horrible Things   Summ           16%        N/A       100%        8
 Chain Lightning          Conj/Air       49%        3d66      100%        9
 Death's Door             Necr           16%        N/A       100%        9
 Dragon's Call            Summ           16%        N/A       100%        9
 Fire Storm               Conj/Fire      49%        8d13      100%        9
 Polar Vortex             Ice            51%        N/A       100%        9
 Animate Armour           Summ/Erth      Unusable   N/A       N/A         4
 Animate Dead             Necr           Unusable   N/A       N/A         4
 Simulacrum               Ice/Necr       Unusable   N/A       N/A         6

Dungeon Overview and Level Annotations

Branches:
Dungeon (15/15)            Temple (0/1) D:6            Lair (5/5) D:8
  Swamp (4/4) Lair:2        Snake (4/4) Lair:2        Slime (0/5) Lair:5
    Orc (2/2) D:10            Elf (3/3) Orc:2        Vaults (5/5) D:13
  Crypt (3/3) Vaults:3       Tomb (0/3) Crypt:3      Depths (4/4) D:15
    Zot (5/5) Depths:4      IceCv (visited)

Altars:
Cheibriados
Elyvilon
Fedhas
Gozag
Makhleb
Okawaru
Qazlal
Sif Muna
Trog
Uskayaw
Vehumet
Xom
Yredelemnul
Jiyva

Shops:
D:2 *:   D:8 ==(:   D:14 :   D:15 [   Orc:2 =*[(   Snake:3 (   Depths:2 =::
Depths:3 =*

Portals:
Hell: Depths:1 Depths:2 Depths:3 Depths:4
Abyss: Depths:3 Depths:4
Pandemonium: Depths:2
Ziggurat: Depths:2

Annotations:
Elf:2 3 runed translucent doors


Innate Abilities, Weirdness & Mutations

You are a living statue of rough stone.
Your actions are slow, but your melee attacks are powerful.
You are resistant to unholy torment.
Your maximum health is greatly increased.
You cannot wear most types of armour.
You are amphibious.
You can wear up to eight rings at the same time.
Your skin changes colour to match your surroundings (Stealth+).
((Your rubbery body absorbs attacks. (AC +1, EV +1)))
((You are camouflaged when in or above water. (Stealth+)))
You have tentacles for arms and can constrict up to eight enemies at once.
((You are partially covered in iridescent scales. (AC +2)))
Your body sometimes deteriorates upon taking damage.
Your magical capacity is low. (-10% MP)
Your system is resistant to poisons. (rPois)
You are vulnerable to cold. (rC-)


Message History

You now have 32/58 mp.
Aim: a blizzard demon (almost dead, umbra, 82% to hit)
You feel a surge of power!
The iron shot hits the blizzard demon!!!
You kill the blizzard demon!
You regained 2 hp, and now have 234/248 hp.
You now have 27/58 mp.
You feel yourself speed up.
You regained 2 hp, and now have 236/248 hp.
The ice devil attacks as you move away! You block the ice devil's attack.
The balrug gestures at you. You block the sticky flame.
Suti calls on the powers of darkness!
Your body is wracked with pain!
Your body deteriorates!
You feel dopey.
You see here 12 gold pieces.
You take 39 damage, and have 197/248 hp.
A glowing orange brain comes into view.
The balrug attacks as you move away! You block the balrug's attack.
Really read
D - 6 scrolls of blinking {!r}?
Blink to where?
As you read the scroll of blinking {!r}, it crumbles to dust.
You regained 2 hp, and now have 201/248 hp.
Really read
D - 5 scrolls of blinking {!r}?
Blink to where?
As you read the scroll of blinking {!r}, it crumbles to dust.
There is a stone staircase leading up here.
You regained 2 hp, and now have 204/248 hp.
You climb upwards.
There is a stone staircase leading down here.
You regained 3 hp, and now have 207/248 hp.
You regained 2 hp, and now have 209/248 hp.
You regained 2 hp, and now have 213/248 hp.
A red devil comes into view. It is wielding a +0 trident.
You regained 2 hp, and now have 217/248 hp.
Aim: a red devil, wielding a +0 trident (umbra, 79% to hit)
You feel a surge of power!
The crystal spear misses the red devil.
You now have 25/58 mp.
Aim: a red devil, wielding a +0 trident (umbra, 79% to hit)
You feel a surge of power!
The crystal spear hits the red devil!!!
You kill the red devil!
You now have 17/58 mp.
You regained 2 hp, and now have 221/248 hp.
There is a stone staircase leading up here.
You regained 2 hp, and now have 226/248 hp.
You climb upwards.
There is a stone staircase leading down here.
You regained 3 hp, and now have 229/248 hp.
You regained 2 hp, and now have 231/248 hp.
A rock wall.
This square is wreathed by an umbra and is covered in magical glow.
The rock shatters into small pieces.
You regained 2 hp, and now have 235/248 hp.
Your extra speed is starting to run out.
You regained 2 hp, and now have 239/248 hp.
You regained 2 hp, and now have 242/248 hp.
You regained 2 hp, and now have 245/248 hp.
You feel yourself slow down.
Health restored: 248
There is a stone staircase leading up here.
You climb upwards.
There is a stone staircase leading down here.
A rock wall.
This square is wreathed by an umbra and is covered in magical glow.
The rock shatters into small pieces.
(D) Dungeon (T) Temple (L) Lair (S) Swamp (P) Snake Pit (M) Slime Pits (O) Orcish Mines (E) Elven Halls (V) Vaults (C) Crypt (W) Tomb (U) Depths (H) Hell (Z) Zot
Where to? (Enter - D:1, ? - help)
Your transformation is almost over.
You revert to your normal fleshy form.
There is a stone staircase leading up here.
You climb upwards.
There is a stone staircase leading down here.
There is a stone staircase leading up here.
You climb upwards.
There is a stone staircase leading down here.
A hell beast comes into view.
You now have 191/191 hp.
You feel a surge of power!
You turn into a living statue of rough stone.
You now have 248/248 hp.
Aim: a hell beast (umbra, 77% to hit)
You feel a surge of power!
The crystal spear hits the hell beast!!!!
You kill the hell beast!
You now have 38/58 mp.
You see here a +0 club.
There is a stone staircase leading up here.
You climb upwards.
There is a stone staircase leading down here.
There is a stone staircase leading up here.
You climb upwards.
There is a stone staircase leading down here.
You open the door.
There is an open door here.
There is a staircase leading out of the dungeon here.
You have escaped!

#####...#....##.##
.###....#....##[#
........#..#.##.#
...........#.##.#
##.........#.##.##
.............##..#
###.........####'#
##....#....###♣.♣####
#........>..'..8..+.#
#..........###~~~##.#
##...........##PPP##.#
#.............#####..#
#..###.##.....## #..##
#.###..##..#...###.###
#.###.###..##........#
#.##..# ##.##........#
..##.## #.###.......#


There were no monsters in sight!

Vanquished Creatures
  4 dread liches
  Tiamat (Zot:1)
  2 ancient liches
  Khufu (Crypt:3)
  3 orbs of fire
  Mara (Depths:1)
  Mennas (Vaults:5)
  4 juggernauts
  2 royal mummies (Crypt:3)
  Sojobo (Vaults:2)
  The ghost of Roplacol the Impregnable, a master GrFi of Ashenzari (Depths:1)
  Boris (thrice) (Vaults:3 Depths:3 Depths:4)
  the Lernaean hydra (Swamp:4)
  3 curse toes
  Xtahua (Vaults:2)
  Saint Roka (Vaults:1)
  A Killer Klown (Zot:2)
  Nikola (Depths:1)
  Jory (Vaults:4)
  the Enchantress (Depths:1)
  3 golden dragons
  A bone dragon (Depths:4)
  An electric golem (Zot:5)
  2 Tzitzimimeh (Depths:2)
  2 doom hounds (Depths:3)
  An Ice Fiend (Zot:4)
  18 tentacled monstrosities
  A shard shrike skeleton (Crypt:3)
  16 Orb Guardians
  4 liches
  Grunn (Depths:3)
  6 titans
  2 deep elf blademasters (Elf:3)
  The ghost of Emey the Earth Mage, an adept SpVM of Vehumet (Vaults:1)
  3 deep elf master archers (Elf:3)
  7 quicksilver dragons
  12 death cobs
  An Executioner (Zot:1)
  4 sphinxes
  10 ancient champions
  2 thorn hunters
  9 tengu reavers
  4 nagarajas
  11 shadow dragons
  Kirke (D:13)
  6 draconian monks
  2 revenants
  15 storm dragons
  7 fire giants
  A fenstrider witch (Swamp:3)
  5 frost giants
  5 draconian knights
  Aizul (Vaults:1)
  2 iron dragons
  8 deep elf sorcerers
  A cacodemon (Depths:2)
  8 draconian scorchers
  A ghost moth (Zot:3)
  3 curse skulls
  22 vault wardens
  3 spectral caustic shrikes (Depths:1)
  2 orc warlords
  20 ironbound preservers
  2 reapers
  5 draconian shifters
  7 deep elf elementalists
  5 spriggan defenders
  3 quicksilver oozes (shapeshifter)
  4 draconian stormcallers
  17 very ugly things
  4 ironbound thunderhulks
  4 caustic shrike skeletons (Crypt:3)
  12 draconian annihilators
  An eleionoma (Swamp:4)
  14 stone giants
  8 green draconians
  10 vampire knights
  2 war gargoyles
  9 black draconians
  An eleionoma (shapeshifter) (Vaults:5)
  A putrid mouth (Depths:3)
  5 bunyips
  5 grey draconians
  11 deep elf demonologists
  12 purple draconians
  5 deep elf annihilators
  4 dire elephants
  Azrael (D:13)
  10 deep elf death magi
  11 red draconians
  12 white draconians
  16 ettins
  10 yellow draconians
  2 blizzard demons
  A mummy priest (Crypt:3)
  Josephine (Orc:1)
  A jiangshi (Crypt:3)
  3 great orbs of eyes
  2 entropy weavers
  3 shambling mangroves
  5 fire dragons
  6 eidola
  2 ice dragons (shapeshifter)
  10 deep elf high priests
  12 yaktaur captains
  19 hydras
  A hell beast (D:3)
  6 ice dragons
  3 salamander tyrants
  28 vault guards (Vaults:5)
  A merfolk avatar (Lair:5)
  26 centaur warriors
  A fenstrider witch skeleton (Crypt:3)
  2 ogre magi (Vaults:5)
  A caustic shrike simulacrum (Depths:1)
  7 spriggan air magi
  A spectral sphinx (Depths:1)
  9 ironbound frosthearts
  A two-headed ogre (shapeshifter) (Vaults:5)
  A ghost crab (Swamp:3)
  17 death yaks
  7 anacondas
  7 boulder beetles
  15 dancing weapons
  9 alligators
  8 two-headed ogres
  2 death knights
  12 naga warriors
  17 tengu warriors
  A spectral storm dragon (Depths:1)
  5 vampire magi
  4 deep troll shamans
  18 naga sharpshooters
  11 deep troll earth magi
  6 orc high priests
  A storm dragon zombie (Depths:1)
  Sonja (Lair:1)
  8 shock serpents
  6 spriggan berserkers
  A soul eater (Crypt:2)
  11 hell knights
  4 titan skeletons (Crypt:3)
  A shadow wraith (Crypt:2)
  8 goliath frogs
  9 iron trolls
  17 deep elf knights
  3 salamander mystics
  40 skeletal warriors
  Lodul (D:11)
  56 deep trolls
  2 sixfirhies (Depths:2)
  5 glowing orange brains
  A bunyip zombie (Crypt:1)
  10 swamp dragons (Swamp:4)
  A spriggan druid (Swamp:3)
  5 flayed ghosts
  5 naga ritualists
  8 deep elf archers
  A spectral iron dragon (Depths:1)
  3 bog bodies
  9 wizards
  14 phantasmal warriors
  6 lindwurms
  A bunyip skeleton (Crypt:3)
  An orange crystal statue (D:14)
  2 shadow dragon zombies
  21 ironbound convokers
  A swamp dragon (shapeshifter) (Depths:3)
  11 necromancers
  8 orc knights
  Pikel (D:5)
  A goliath frog zombie (Crypt:2)
  A harpy (Lair:5)
  30 deep elf pyromancers
  22 deep elf zephyrmancers
  8 mana vipers
  19 ugly things
  4 orc sorcerers
  A stone giant zombie (Vaults:2)
  An oklob plant (Orc:2)
  11 cyclopes
  6 manticores
  A fire giant skeleton (Depths:1)
  5 will-o-the-wisps
  A stone giant skeleton (Crypt:3)
  36 black mambas
  23 elephants
  11 salamanders
  29 moths of wrath
  7 guardian serpents
  A rust devil (Depths:2)
  An ice statue (IceCv)
  An orange demon (Depths:2)
  An eye of devastation (shapeshifter) (Vaults:5)
  A frost giant skeleton (Depths:1)
  A guardian serpent (shapeshifter) (Depths:3)
  23 cane toads
  A smoke demon (Depths:2)
  13 naga magi
  A minotaur zombie (Crypt:2)
  A torpor snail (Lair:3)
  A storm dragon simulacrum (Depths:1)
  4 rime drakes
  Maggie (D:6)
  A dire elephant skeleton (Crypt:3)
  19 vault sentinels
  A komodo dragon (shapeshifter) (Elf:1)
  6 tengu conjurers
  26 yaktaurs
  2 anaconda simulacra (IceCv)
  An orb spider zombie (Crypt:1)
  An alligator snapping turtle skeleton (Crypt:3)
  A bunyip simulacrum (Swamp:3)
  3 efreet
  A sea snake skeleton (Crypt:1)
  3 tormentors
  7 freezing wraiths
  An ice devil (Depths:2)
  A yaktaur (shapeshifter) (D:13)
  A silent spectre (Vaults:2)
  A red devil (D:7)
  3 hydra zombies (Swamp:3)
  6 guardian mummies (Crypt:3)
  11 komodo dragons
  A white draconian skeleton (Crypt:3)
  2 hellwings (Depths:2)
  A queen bee (Lair:1)
  A tengu simulacrum (Depths:1)
  A polar bear (shapeshifter) (Elf:1)
  A shadow dragon simulacrum (Depths:1)
  3 wind drakes (Lair:5)
  6 trolls
  5 polar bears
  2 sphinx simulacra (Depths:1)
  17 hornets
  A bloated husk (Swamp:2)
  5 blink frogs
  10 tyrant leeches
  A blink frog (shapeshifter) (Elf:2)
  2 snapping turtles (Lair:5)
  An iron dragon simulacrum (Depths:1)
  A death drake skeleton (Crypt:2)
  A fire dragon zombie (Crypt:1)
  5 harpy skeletons
  2 stone giant simulacra
  4 flying skulls (Crypt:2)
  9 slime creatures
  18 spriggans
  2 air elementals
  A ynoxinul (Depths:2)
  3 ettin skeletons
  A vampire (D:14)
  10 water elementals
  A human (shapeshifter) (D:13)
  A dire elephant simulacrum (IceCv)
  A fire bat (shapeshifter) (Depths:4)
  6 fire elementals
  11 wraiths
  6 basilisks
  5 wyverns
  33 yaks
  4 vampire mosquitoes
  3 hogs
  3 steam dragons
  4 redbacks
  2 chaos spawn (Depths:2)
  A redback (shapeshifter) (Vaults:1)
  A yaktaur simulacrum (Vaults:2)
  2 harpy simulacra (IceCv)
  4 wargs
  22 swamp worms
  3 acid dragons
  A swamp worm (shapeshifter) (Vaults:5)
  3 hell hounds (D:13)
  40 nagas
  A cane toad zombie (Crypt:3)
  A demonspawn skeleton (Crypt:1)
  A hydra simulacrum (IceCv)
  21 water moccasins
  A floating eye (shapeshifter) (Depths:1)
  5 swamp drakes
  4 floating eyes
  A water nymph skeleton (Crypt:1)
  A deep troll skeleton (Crypt:1)
  A snapping turtle zombie (Crypt:3)
  2 black bears
  12 ogres
  48 orc warriors
  An ettin simulacrum (Crypt:1)
  An ice beast (D:5)
  2 sky beasts (D:7)
  An alligator simulacrum (Swamp:3)
  18 wolves
  10 centaurs
  3 boggarts (Vaults:1)
  A swamp dragon skeleton (Crypt:3)
  A phantom (D:5)
  Blork the orc (D:4)
  2 kobold brigands
  13 bullfrogs
  A gnoll sergeant (D:7)
  3 earth elementals
  3 necrophages
  An ogre simulacrum (Vaults:2)
  2 human skeletons
  2 cane toad simulacra (IceCv)
  A cyclops zombie (Crypt:1)
  2 scorpions
  19 wights
  2 glowing shapeshifter simulacra
  7 two-headed ogre simulacra (IceCv)
  A warg zombie (Crypt:2)
  A queen bee zombie (Crypt:2)
  A yak zombie (Crypt:3)
  29 killer bees
  A swamp dragon simulacrum (Swamp:3)
  A warg skeleton (Crypt:3)
  4 howler monkeys
  3 spriggan skeletons (Crypt:3)
  2 electric eels
  A wolf skeleton (Crypt:3)
  5 jellies
  A hound (D:5)
  20 orc priests
  A human zombie (Crypt:1)
  3 centaur skeletons
  A scorpion zombie (Crypt:1)
  An iguana (D:6)
  38 orc wizards
  7 hell rats
  5 spriggan simulacra
  3 troll simulacra (IceCv)
  3 polar bear simulacra (IceCv)
  3 wolf simulacra (IceCv)
  A naga zombie (Crypt:3)
  An ogre zombie (Crypt:1)
  A tengu zombie (Crypt:3)
  A mummy (Crypt:3)
  Robin (D:3)
  4 gnolls (D:7)
  9 adders
  8 naga simulacra (IceCv)
  2 shadow imps
  9 white imps (IceCv)
  5 ufetubi
  A lava snake skeleton (Crypt:1)
  A worm (D:2)
  4 dart slugs
  98 orcs
  10 endoplasms
  5 giant cockroaches
  15 goblins
  13 hobgoblins
  11 jackals
  4 quokkas
  5 ball pythons
  5 bats
  3 frilled lizards
  13 kobolds
  4 rats
  6 briar patches (Swamp:4)
  A bush (Vaults:1)
  16 butterflies (Depths:4)
2283 creatures vanquished.

Vanquished Creatures (collateral kills)
  A golden dragon (Zot:5)
  3 Orb Guardians (Zot:5)
  A quicksilver dragon (Zot:5)
  A sphinx (Zot:5)
  A storm dragon (Zot:5)
  2 moths of wrath (Zot:5)
9 creatures vanquished.

Vanquished Creatures (others)
  A dread lich (Zot:5)
  An ancient lich (Zot:5)
  6 Killer Klowns (Zot:5)
  An electric golem (Zot:5)
  7 Orb Guardians (Zot:5)
  A tentacled monstrosity (Zot:5)
  A titan (Zot:5)
  A shadow dragon (Depths:4)
  A draconian monk (Zot:5)
  A draconian knight (Zot:5)
  A draconian shifter (Zot:5)
  A ghost moth (Zot:5)
  3 draconian annihilators (Zot:5)
  A caustic shrike skeleton (Crypt:3)
  A green draconian (Zot:5)
  2 yellow draconians (Zot:5)
  A red draconian (Zot:5)
  A purple draconian (Zot:5)
  3 white draconians (Zot:5)
  2 moths of wrath (Zot:5)
  A tengu conjurer (Depths:1)
  A spriggan (Swamp:4)
  An orc (Vaults:5)
  A briar patch (Swamp:4)
  18 foxfires
  34 fungi
  88 plants
181 creatures vanquished.

Grand Total: 2473 creatures vanquished

Notes
Turn   | Place    | Note
-------+----------+-------------------------------------------
     0 | D:1      | sokol815 the Octopode Earth Elementalist began the quest
                  | for the Orb.
     0 | D:1      | Reached XP level 1. HP: 11/11 MP: 3/3
   152 | D:1      | Reached XP level 2. HP: 17/17 MP: 1/5
   442 | D:1      | Reached skill level 4 in Earth Magic
   529 | D:1      | Reached XP level 3. HP: 21/21 MP: 4/6
   747 | D:1      | Found a faded altar of an unknown god.
  1310 | D:2      | Found Teidaw's Vocational Training.
  1452 | D:2      | Found Omuarege's Assorted Antiques.
  1878 | D:3      | Reached skill level 5 in Earth Magic
  1878 | D:3      | Reached XP level 4. HP: 18/27 MP: 2/7
  1933 | D:3      | Noticed Robin
  2027 | D:3      | Reached skill level 2 in Transmutations
  2059 | D:3      | Learned a level 4 spell: Petrify
  2087 | D:3      | Reached XP level 5. HP: 31/31 MP: 4/8
  2129 | D:3      | Found a hide-covered altar of Uskayaw.
  2277 | D:3      | Killed Robin
  2281 | D:3      | Reached skill level 3 in Transmutations
  2412 | D:3      | Found a shimmering altar of Xom.
  2412 | D:3      | Found a radiant altar of Vehumet.
  2865 | D:4      | Reached skill level 4 in Transmutations
  2978 | D:4      | Reached XP level 6. HP: 36/36 MP: 9/9
  2982 | D:4      | Learned a level 3 spell: Stone Arrow
  3006 | D:4      | Noticed Blork the orc
  3628 | D:5      | Entered Level 5 of the Dungeon
  3642 | D:5      | HP: 6/36 [scorpion (6)]
  3645 | D:5      | Reached skill level 5 in Transmutations
  3759 | D:5      | Reached skill level 1 in Conjurations
  3779 | D:5      | Identified the +4 demon whip "Nityts" {freeze, rElec}
  4120 | D:5      | Reached XP level 7. HP: 33/41 MP: 10/10
  4301 | D:5      | Reached skill level 6 in Transmutations
  4301 | D:5      | Reached skill level 6 in Earth Magic
  4475 | D:5      | Found a basalt altar of Yredelemnul.
  4477 | D:5      | Found an iron altar of Okawaru.
  4480 | D:5      | Found a stormy altar of Qazlal.
  4560 | D:5      | Found an opulent altar of Gozag.
  4567 | D:5      | Found a bloodstained altar of Trog.
  4568 | D:5      | Became a worshipper of Gozag Ym Sagoz the Greedy
  4716 | D:2      | Bought a notched wooden ring for 85 gold pieces
  4717 | D:2      | Bought a scroll labelled WAGGYA UJUSHRO for 17 gold pieces
  4717 | D:2      | Bought a scroll labelled QORELLOUVO for 17 gold pieces
  4717 | D:2      | Bought a scroll labelled SAAXOE ICOC for 17 gold pieces
  4833 | D:4      | Reached XP level 8. HP: 46/46 MP: 11/11
  5223 | D:4      | Killed Blork the orc
  5379 | D:5      | Found a white marble altar of Elyvilon.
  5380 | D:5      | Found a blossoming altar of Fedhas.
  5454 | D:5      | Noticed a torpor snail
  5455 | D:5      | Found a snail-covered altar of Cheibriados.
  5455 | D:5      | Noticed a torpor snail
  5456 | D:5      | Noticed a torpor snail
  5791 | D:6      | Found a staircase to the Ecumenical Temple.
  6082 | D:6      | Noticed Maggie
  6083 | D:6      | Paralysed by Maggie for 2 turns
  6102 | D:6      | Killed Maggie
  6103 | D:6      | Reached skill level 7 in Transmutations
  6103 | D:6      | Reached skill level 7 in Earth Magic
  6361 | D:6      | Noticed Pikel
  6433 | D:5      | Killed Pikel
  6434 | D:5      | Reached skill level 8 in Transmutations
  6434 | D:5      | Reached skill level 8 in Earth Magic
  6434 | D:5      | Reached skill level 3 in Spellcasting
  6434 | D:5      | Reached XP level 9. HP: 40/51 MP: 3/14
  6594 | D:6      | Reached skill level 4 in Spellcasting
  7088 | D:7      | Reached skill level 5 in Spellcasting
  7453 | D:7      | Found a burning altar of Makhleb.
  7584 | D:7      | Reached skill level 6 in Spellcasting
  8443 | D:7      | Learned a level 6 spell: Iron Shot
  8967 | D:8      | Reached skill level 1 in Maces & Flails
  9268 | D:8      | Reached skill level 2 in Maces & Flails
  9268 | D:8      | Reached XP level 10. HP: 43/56 MP: 19/19
  9365 | D:8      | Reached skill level 9 in Transmutations
  9365 | D:8      | Reached skill level 9 in Earth Magic
  9665 | D:8      | Found a staircase to the Lair.
  9763 | D:8      | Reached skill level 3 in Maces & Flails
 10333 | D:9      | Noticed a two-headed ogre
 10675 | D:9      | Killed a two-headed ogre
 10676 | D:9      | Reached skill level 4 in Maces & Flails
 11206 | D:9      | Reached skill level 3 in Stealth
 11208 | D:9      | Reached skill level 1 in Short Blades
 11484 | D:10     | Entered Level 10 of the Dungeon
 11659 | D:10     | Noticed a two-headed ogre
 11701 | D:10     | Killed a two-headed ogre
 11702 | D:10     | Reached skill level 2 in Short Blades
 11702 | D:10     | Reached skill level 5 in Stealth
 11702 | D:10     | Reached skill level 10 in Earth Magic
 12059 | D:10     | Reached skill level 3 in Short Blades
 12213 | D:10     | Reached XP level 11. HP: 61/61 MP: 20/20
 12310 | D:10     | Reached skill level 6 in Stealth
 12783 | D:10     | Noticed a two-headed ogre
 12794 | D:10     | Killed a two-headed ogre
 12795 | D:10     | Reached skill level 4 in Short Blades
 12795 | D:10     | Reached skill level 7 in Stealth
 12795 | D:10     | Reached skill level 10 in Transmutations
 13133 | D:10     | Found a staircase to the Orcish Mines.
 13235 | Lair:1   | Entered Level 1 of the Lair of Beasts
 13385 | Lair:1   | Noticed Sonja
 13409 | Lair:1   | Reached skill level 5 in Short Blades
 13409 | Lair:1   | Reached skill level 8 in Stealth
 13701 | Lair:1   | Reached skill level 2 in Conjurations
 13800 | Lair:1   | Reached skill level 9 in Stealth
 14566 | Lair:1   | Killed Sonja
 14567 | Lair:1   | Reached skill level 10 in Stealth
 14567 | Lair:1   | Reached skill level 3 in Conjurations
 14637 | Lair:1   | Reached skill level 6 in Short Blades
 14956 | Lair:2   | Reached skill level 4 in Conjurations
 15213 | Lair:2   | Found a staircase to the Snake Pit.
 15226 | Lair:2   | Reached skill level 7 in Short Blades
 15226 | Lair:2   | Reached XP level 12. HP: 33/66 MP: 9/21
 15255 | Lair:2   | Reached skill level 5 in Conjurations
 15477 | Lair:2   | Found a staircase to the Swamp.
 15495 | Lair:2   | HP: 11/66 [cane toad (13)]
 15645 | Lair:2   | HP: 10/66 [black mamba (13)]
 16024 | Lair:2   | Reached skill level 6 in Conjurations
 16227 | Lair:2   | Reached skill level 8 in Short Blades
 16882 | Lair:2   | Reached skill level 7 in Conjurations
 17526 | D:8      | Bought the ring of Shadows {Umbra +Inv Stlth+} for 720 gold
                  | pieces
 17526 | D:8      | Found the ring of Shadows {Umbra +Inv Stlth+}
 17724 | Lair:3   | Noticed a seven-headed hydra
 17733 | Lair:3   | Killed a seven-headed hydra
 18060 | D:8      | Bought a +5 ring of evasion for 648 gold pieces
 18858 | Lair:3   | Reached skill level 8 in Conjurations
 18906 | Lair:3   | Noticed a death yak
 18976 | Lair:3   | HP: 14/66 [yak (14)]
 19159 | Lair:3   | Learned a level 2 spell: Blink
 19377 | Lair:3   | Noticed a four-headed hydra
 19406 | Lair:3   | Reached XP level 13. HP: 71/71 MP: 22/22
 19703 | Lair:3   | Reached skill level 11 in Stealth
 19941 | Lair:4   | You fall into a shaft and drop 1 floor!
 19941 | Lair:5   | Entered Level 5 of the Lair of Beasts
 20410 | D:11     | Found a frozen archway.
 20428 | IceCv    | Entered an ice cave
 21186 | IceCv    | Reached skill level 1 in Shields
 21436 | IceCv    | Found the +12 glaive of Prune {freeze, Prune}
 21440 | IceCv    | Noticed a reaper
 21461 | IceCv    | Killed a reaper
 21462 | IceCv    | Reached skill level 2 in Shields
 21559 | IceCv    | Reached skill level 3 in Shields
 21890 | IceCv    | Reached skill level 4 in Shields
 22228 | D:11     | Noticed Lodul
 22254 | D:11     | Killed Lodul
 22255 | D:11     | Reached skill level 1 in Fighting
 22580 | D:11     | Reached skill level 2 in Fighting
 22580 | D:11     | Reached skill level 3 in Dodging
 23145 | Orc:1    | Entered Level 1 of the Orcish Mines
 23377 | D:8      | Bought the ring "Nyts" {rElec EV+5 Dex+3} for 619 gold
                  | pieces
 23724 | D:12     | Reached skill level 3 in Fighting
 23724 | D:12     | Reached skill level 9 in Conjurations
 24032 | D:12     | Reached skill level 4 in Dodging
 24993 | Orc:1    | Noticed Josephine
 25262 | Orc:1    | Reached skill level 4 in Fighting
 25280 | Orc:1    | Killed Josephine
 25461 | Orc:1    | Reached skill level 5 in Dodging
 25883 | Orc:2    | Entered Level 2 of the Orcish Mines
 26287 | D:8      | Bought the ring of Higahyro {rPois Int+6 Dex+2} for 565
                  | gold pieces
 26768 | Orc:2    | Reached XP level 14. HP: 86/86 MP: 23/23
 26870 | Orc:2    | Found a staircase to the Elven Halls.
 27091 | Orc:2    | Paralysed by an orc sorcerer for 4 turns
 27118 | Orc:2    | Noticed an orc warlord
 27254 | Orc:2    | Reached skill level 9 in Short Blades
 27271 | Orc:2    | Killed an orc warlord
 27272 | Orc:2    | Reached skill level 5 in Fighting
 27422 | Orc:2    | Reached skill level 10 in Conjurations
 27759 | Orc:2    | Reached skill level 6 in Dodging
 28592 | Orc:2    | Found Tagix's General Store.
 28592 | Orc:2    | Found Duuffozu's Jewellery Emporium.
 28594 | Orc:2    | Found Oces's Antique Armour Shoppe.
 28594 | Orc:2    | Found Betteul's Antique Weapon Shoppe.
 28771 | Orc:2    | Reached skill level 6 in Fighting
 28794 | Orc:2    | Learned a level 5 spell: Lee's Rapid Deconstruction
 28797 | Orc:2    | Learned a level 2 spell: Passwall
 29145 | D:13     | Noticed an ironbound preserver
 29490 | Orc:2    | Bought a book of Winter for 442 gold pieces
 29495 | Orc:2    | Learned a level 3 spell: Ozocubu's Armour
 29734 | Lair:3   | Reached skill level 1 in Ice Magic
 29901 | Lair:4   | Reached skill level 2 in Ice Magic
 30094 | Lair:4   | Reached skill level 3 in Ice Magic
 30384 | Lair:3   | Reached skill level 4 in Ice Magic
 30645 | Lair:3   | Reached skill level 5 in Ice Magic
 31111 | Lair:4   | Reached skill level 12 in Stealth
 31361 | Lair:4   | Reached skill level 10 in Short Blades
 31931 | Lair:4   | Reached skill level 7 in Spellcasting
 32222 | Lair:4   | Identified the +1 shortbow of the Iron City of Dis
                  | {antimagic, rC+}
 32303 | Lair:4   | Reached skill level 13 in Stealth
 32458 | Lair:4   | Reached XP level 15. HP: 94/94 MP: 25/25
 33198 | Lair:5   | Reached skill level 8 in Spellcasting
 33313 | Lair:5   | Reached skill level 14 in Stealth
 33679 | Lair:5   | Reached skill level 15 in Stealth
 33698 | Lair:5   | HP: 20/94 [wind drake/the air (15)]
 33875 | Lair:5   | Reached skill level 11 in Transmutations
 33984 | Lair:5   | Reached skill level 11 in Earth Magic
 34565 | Lair:5   | Got the Tome of Profane Ceremonies
 34569 | Lair:5   | Got Sif Muna's Commentary on Spellbinding and the Blaze
 34940 | Lair:5   | Found a viscous altar of Jiyva.
 34941 | Lair:5   | Found a staircase to the Slime Pits.
 35291 | Lair:5   | Reached skill level 11 in Conjurations
 36559 | D:13     | Found a gate to the Vaults.
 36630 | D:13     | Reached skill level 12 in Transmutations
 36630 | D:13     | Reached skill level 12 in Earth Magic
 37274 | D:13     | Noticed Azrael
 37309 | D:13     | Killed Azrael
 37315 | D:13     | Reached XP level 16. HP: 39/99 MP: 15/28
 37351 | D:13     | Reached skill level 13 in Earth Magic
 37565 | D:13     | Found a bloodstained altar of Trog.
 37783 | D:13     | Noticed Kirke
 37970 | Orc:2    | Bought a ring of willpower for 275 gold pieces
 38554 | D:8      | Bought a ring of see invisible for 165 gold pieces
 38862 | D:13     | Killed Kirke
 39727 | D:14     | Found Jigin's Tremendous Tomes.
 40214 | D:14     | Identified the ring "Yghimaad" {Fly rC+ Will- rCorr}
 40471 | Orc:2    | Bought a ring of protection from fire for 275 gold pieces
 40505 | Orc:2    | Upgraded the game from 0.30-a0-691-g754fce4c43 to
                  | 0.30-a0-696-g2367cd04db
 40511 | Orc:2    | Learned a level 5 spell: Irradiate
 41001 | D:14     | Reached skill level 14 in Earth Magic
 41173 | D:15     | Entered Level 15 of the Dungeon
 41173 | D:15     | Found a staircase to the Depths.
 41247 | D:15     | Reached skill level 1 in Evocations
 41461 | D:15     | Found Cyduss's Antique Armour Shop.
 41478 | D:15     | Reached skill level 2 in Evocations
 41693 | D:14     | Reached skill level 3 in Evocations
 41953 | D:15     | Reached skill level 4 in Evocations
 42555 | D:15     | Found a staircase to the Depths.
 42725 | D:15     | Found Cyduss's Antique Armour Shop.
 43126 | Swamp:1  | Entered Level 1 of the Swamp
 43407 | Swamp:1  | Reached skill level 5 in Evocations
 43424 | Swamp:1  | Noticed a thorn hunter
 43932 | Swamp:1  | Reached skill level 6 in Evocations
 44070 | Swamp:1  | Found the +5 glaive of the Guard {elec, spectral, AC+5}
 44294 | Swamp:1  | Killed a thorn hunter
 44529 | Swamp:2  | Reached skill level 15 in Earth Magic
 45353 | Swamp:3  | Reached skill level 16 in Earth Magic
 45437 | Swamp:3  | Reached XP level 17. HP: 105/105 MP: 29/29
 46588 | Swamp:4  | Entered Level 4 of the Swamp
 46595 | Swamp:4  | HP: 18/105 [spriggan air mage/the air (17)]
 46854 | Swamp:4  | Reached skill level 17 in Earth Magic
 47393 | Swamp:4  | Noticed the 27-headed Lernaean hydra
 47504 | Swamp:4  | Got a decaying rune of Zot
 47635 | Snake:1  | Entered Level 1 of the Snake Pit
 48136 | Orc:2    | Bought a ring of wizardry for 330 gold pieces
 48612 | Snake:1  | Reached skill level 18 in Earth Magic
 51206 | Snake:2  | Reached skill level 5 in Shields
 51383 | Snake:2  | Reached XP level 18. HP: 112/112 MP: 30/30
 51589 | Snake:2  | Reached skill level 9 in Spellcasting
 51936 | Snake:2  | Reached skill level 7 in Fighting
 51936 | Snake:2  | Reached skill level 7 in Dodging
 52199 | Snake:3  | Found Roptoig's Antique Weapon Emporium.
 52630 | Snake:3  | Learned a level 5 spell: Freezing Cloud
 52653 | Snake:3  | Reached skill level 6 in Ice Magic
 52895 | Snake:3  | Reached skill level 7 in Ice Magic
 53687 | Snake:3  | Reached skill level 8 in Ice Magic
 54584 | Snake:4  | Entered Level 4 of the Snake Pit
 55752 | Snake:4  | Reached skill level 9 in Ice Magic
 56325 | Snake:4  | Noticed a quicksilver dragon
 56327 | Snake:4  | Killed a quicksilver dragon
 56328 | Snake:4  | Reached skill level 10 in Ice Magic
 56547 | Snake:4  | Noticed a quicksilver dragon
 56551 | Snake:4  | Killed a quicksilver dragon
 56997 | Snake:4  | Got a serpentine rune of Zot
 57072 | Snake:3  | Bought the +3 Elemental Staff {rElec rF++ rC++ AC+5} for
                  | 3460 gold pieces
 57072 | Snake:3  | Found the +3 Elemental Staff {rElec rF++ rC++ AC+5}
 57431 | Vaults:1 | Entered Level 1 of the Vaults
 57441 | D:13     | Reached skill level 6 in Shields
 57786 | Vaults:1 | Reached skill level 1 in Staves
 57992 | Vaults:1 | Noticed Aizul
 58002 | Vaults:1 | Killed Aizul
 58148 | Vaults:1 | Reached skill level 2 in Staves
 58720 | Vaults:1 | Reached XP level 19. HP: 120/120 MP: 32/32
 58900 | Vaults:1 | Noticed Saint Roka
 58904 | Vaults:1 | Reached skill level 3 in Staves
 58907 | Vaults:1 | Killed Saint Roka
 58908 | Vaults:1 | Reached skill level 8 in Fighting
 58908 | Vaults:1 | Reached skill level 8 in Dodging
 59211 | Vaults:1 | Found a runed translucent door.
 59215 | Vaults:1 | Noticed Emey's ghost (adept SpVM)
 59994 | Vaults:2 | Reached skill level 4 in Staves
 60219 | Vaults:2 | Reached skill level 7 in Shields
 60379 | Vaults:2 | Reached skill level 10 in Spellcasting
 60397 | Vaults:2 | Reached skill level 5 in Staves
 60804 | Vaults:2 | Noticed Sojobo
 61298 | Vaults:2 | Found a bloodstained altar of Trog.
 61298 | Vaults:2 | Found the +8 Wrath of Trog {antimagic, *Rage Rampage}
 61339 | Vaults:2 | Found a transporter.
 61516 | Vaults:2 | Reached skill level 6 in Staves
 61651 | Vaults:2 | Noticed Xtahua
 61660 | Vaults:2 | Killed Xtahua
 61876 | Vaults:2 | HP: 19/122 [Sojobo/+1 great sword of electrocution (15)]
 61885 | Vaults:2 | Killed Sojobo
 61892 | Vaults:2 | HP: 38/183 [tengu reaver/bolt of poison[Sojobo] (10)]
 61899 | Vaults:2 | HP: 26/122 [tengu reaver/+0 vampiric battleaxe[Sojobo] (5)]
 61904 | Vaults:2 | Reached skill level 9 in Fighting
 61904 | Vaults:2 | Reached skill level 9 in Dodging
 62748 | Vaults:3 | Reached skill level 7 in Staves
 62748 | Vaults:3 | Reached skill level 8 in Shields
 63029 | Vaults:3 | Identified the +9 quarterstaff of Disintegration {freeze,
                  | rF+ Will+}
 63216 | Vaults:3 | Identified the +6 battleaxe of the Past {spect, rC+ Will+
                  | Str+2 Stlth+}
 63324 | Vaults:3 | Found a staircase to the Crypt.
 63544 | Vaults:3 | Reached skill level 8 in Staves
 63633 | Vaults:3 | Reached XP level 20. HP: 106/130 MP: 34/34
 64625 | Vaults:3 | Reached skill level 9 in Staves
 64814 | Vaults:3 | Reached skill level 10 in Fighting
 64857 | Vaults:3 | Noticed Boris
 64868 | Vaults:3 | Killed Boris
 64869 | Vaults:3 | Reached skill level 10 in Dodging
 65306 | Vaults:3 | Identified the +0 robe of Cukutiv {Str+2 Dex-2 Slay+3}
 65370 | Vaults:4 | Noticed Jory
 65375 | Vaults:4 | Killed Jory
 65572 | Vaults:4 | HP: 17/132 [yaktaur captain/bolt (37)]
 65833 | Vaults:4 | Reached skill level 12 in Conjurations
 67529 | Elf:1    | Entered Level 1 of the Elven Halls
 67629 | Elf:1    | Reached skill level 11 in Fighting
 67892 | D:14     | Bought the Dissertation on Metal for 1666 gold pieces
 68124 | Swamp:1  | Learned a level 6 spell: Statue Form
 68343 | Elf:1    | Reached skill level 13 in Conjurations
 68352 | Elf:1    | Reached skill level 11 in Dodging
 68759 | Elf:1    | Reached XP level 21. HP: 140/140 MP: 25/35
 69837 | Elf:2    | Paralysed by an air elemental for 1 turns
 69840 | Elf:2    | Paralysed by an air elemental for 1 turns
 70163 | Elf:2    | Found a runed translucent gate.
 70163 | Elf:2    | Found a runed translucent gate.
 70165 | Elf:2    | Found a runed translucent gate.
 70470 | Elf:2    | Reached skill level 7 in Evocations
 71030 | Vaults:5 | Entered Level 5 of the Vaults
 71033 | Vaults:5 | Reached skill level 14 in Conjurations
 71042 | Vaults:5 | Noticed Mennas
 71044 | Vaults:5 | Noticed a dread lich
 71050 | Vaults:5 | Killed a dread lich
 71051 | Vaults:5 | Reached skill level 12 in Fighting
 71051 | Vaults:5 | Reached skill level 12 in Dodging
 71051 | Vaults:5 | Reached skill level 8 in Evocations
 71064 | Vaults:5 | Noticed a golden dragon
 71103 | Vaults:5 | HP: 45/185 [golden dragon (36)]
 71107 | Vaults:5 | Killed a golden dragon
 71114 | Vaults:5 | HP: 45/185 [green very ugly thing (6)]
 71252 | Vaults:5 | Reached skill level 15 in Conjurations
 71436 | Vaults:5 | Gained mutation: You occasionally lose the ability to drink
                  | potions when taking damage. [a shining eye]
 71440 | Vaults:5 | Identified the +4 ring mail "Tizix Gis" {rElec Will+ Str+5
                  | Int-3}
 71499 | Vaults:5 | Reached skill level 9 in Evocations
 71502 | Vaults:5 | Reached XP level 22. HP: 77/147 MP: 10/36
 71502 | Vaults:5 | Noticed a dread lich
 71516 | Vaults:5 | Noticed a caustic shrike
 71517 | Vaults:5 | a caustic shrike changed into an iron giant
 71523 | Vaults:5 | Killed a dread lich
 71529 | Vaults:5 | HP: 44/192 [constriction (6)]
 71532 | Vaults:5 | Reached skill level 16 in Conjurations
 71534 | Vaults:5 | an iron dragon changed into a golden dragon
 71534 | Vaults:5 | Noticed a golden dragon (glowing shapeshifter)
 71535 | Vaults:5 | a golden dragon changed into an iron giant
 71536 | Vaults:5 | an iron giant changed into a golden dragon
 71536 | Vaults:5 | Noticed a golden dragon (glowing shapeshifter)
 71539 | Vaults:5 | a golden dragon changed into a shadow dragon
 71539 | Vaults:5 | a shadow dragon changed into a caustic shrike
 71539 | Vaults:5 | Noticed a caustic shrike (glowing shapeshifter)
 71543 | Vaults:5 | a caustic shrike changed into an iron dragon
 71545 | Vaults:5 | Killed Mennas
 71546 | Vaults:5 | Reached skill level 10 in Evocations
 71551 | Vaults:5 | HP: 36/192 [eleionoma (glowing shapeshifter)/spray of
                  | wooden splinters (17)]
 71591 | Vaults:5 | HP: 39/191 [ettin/+2 dire flail of protection (28)]
 71612 | Vaults:5 | HP: 38/192 [titan (21)]
 71617 | Vaults:5 | HP: 22/192 [deep troll[an ironbound preserver] (2)]
 71618 | Vaults:5 | HP: 7/192 [tengu reaver/bolt of lightning (6)]
 71624 | Vaults:5 | HP: 37/192 [tengu reaver/bolt of lightning (4)]
 71630 | Vaults:5 | HP: 36/192 [tengu reaver/bolt of cold (2)]
 71637 | Vaults:5 | Reached skill level 17 in Conjurations
 71646 | Vaults:5 | HP: 41/189 [shadow dragon/bolt of negative energy (6)]
 71654 | Vaults:5 | HP: 41/185 [shadow dragon/bolt of negative energy (12)]
 71659 | Vaults:5 | HP: 40/187 [yaktaur/bolt[a yaktaur captain] (23)]
 71664 | Vaults:5 | HP: 43/184 [shadow dragon/bolt of negative energy (4)]
 71669 | Vaults:5 | HP: 39/187 [deep troll[an ironbound preserver] (12)]
 72501 | Vaults:5 | Got a silver rune of Zot
 73106 | Elf:3    | Entered Level 3 of the Elven Halls
 74348 | Abyss:3  | Found a corrupted altar of Lugonu.
 74348 | Abyss:3  | Cast into level 3 of the Abyss (a deep elf sorcerer)
 74353 | Elf:3    | Escaped the Abyss
 74538 | Elf:3    | Reached skill level 19 in Earth Magic
 74936 | Elf:3    | Identified the +1 chain mail "Kuyr" {rPois rC- Int+4}
 74936 | Elf:3    | Identified the ring of Biywets {+Blink rPois rN+ rCorr
                  | Slay+4}
 74999 | Elf:3    | Upgraded the game from 0.30-a0-696-g2367cd04db to
                  | 0.30-a0-702-gdf48620a09
 75018 | Elf:3    | Identified the +3 morningstar of Dim Light {elec, rPois
                  | Will- Str+5}
 75051 | Elf:3    | Identified the amulet "Zoys" {Reflect Dex+2 SH+5 Stlth+}
 75189 | Elf:3    | Identified the +6 acid dragon scales of the Stone Wall
                  | {rC++ Will+ rCorr Dex+3 SInv}
 75253 | Elf:3    | Reached XP level 23. HP: 153/153 MP: 3/37
 75727 | Elf:3    | Got the Treatise on Leadership and the Wyrd
 75730 | Elf:3    | Got Sif Muna's Secrets of Variable Doom
 76499 | Swamp:4  | Reached skill level 20 in Earth Magic
 76842 | Swamp:4  | Killed the 27-headed Lernaean hydra
 77750 | Depths:1 | Entered Level 1 of the Depths
 77856 | Depths:1 | Noticed Mara
 77859 | Depths:1 | Killed Mara
 78138 | Depths:1 | Reached skill level 11 in Spellcasting
 78165 | Depths:1 | Found a runed translucent gate.
 78165 | Depths:1 | Found a runed translucent gate.
 78165 | Depths:1 | Found a runed translucent gate.
 78166 | Depths:1 | Noticed Roplacol's ghost (master GrFi)
 78166 | Depths:1 | Noticed a dread lich
 78423 | Depths:1 | Found a gateway to Hell.
 78431 | Depths:1 | Noticed the Enchantress
 78437 | Depths:1 | Killed the Enchantress
 78655 | Depths:1 | Noticed Nikola
 78663 | Depths:1 | Killed Nikola
 78888 | Depths:1 | You fall into a shaft and drop 1 floor!
 79311 | Depths:2 | Reached skill level 12 in Spellcasting
 79435 | Depths:2 | Reached skill level 21 in Earth Magic
 79529 | Depths:2 | Found a one-way gateway to a ziggurat.
 79702 | Depths:2 | Identified the +1 scale mail of Capis {rF+ Dex+3}
 80076 | Depths:2 | Found a one-way gate leading to the halls of Pandemonium.
 80679 | Depths:2 | Found a shimmering blue altar of Sif Muna.
 81150 | Depths:2 | Reached skill level 13 in Spellcasting
 81287 | Depths:2 | Found Ziunnow's Book Shoppe.
 81288 | Depths:2 | Found Xepp's Jewellery Boutique.
 81289 | Depths:2 | Found Larhom's Book Shoppe.
 81301 | Depths:2 | Learned a level 5 spell: Yara's Violent Unravelling
 81303 | Depths:2 | Learned a level 1 spell: Apportation
 81797 | Depths:1 | Reached skill level 1 in Hexes
 82412 | Depths:3 | Noticed Grunn
 82422 | Depths:3 | Reached skill level 2 in Hexes
 82428 | Depths:3 | Reached XP level 24. HP: 91/160 MP: 16/40
 82428 | Depths:3 | HP: 23/160 [Grunn/+6 bardiche of draining (48)]
 82433 | Depths:3 | Killed Grunn
 82822 | Depths:3 | Found a one-way gate to the infinite horrors of the Abyss.
 82920 | Depths:3 | Reached skill level 3 in Hexes
 82972 | Depths:3 | Noticed a juggernaut
 82979 | Depths:3 | Killed a juggernaut
 83106 | Depths:3 | Noticed Boris
 83327 | Depths:2 | Reached skill level 4 in Hexes
 83442 | Depths:3 | Killed Boris
 83772 | Depths:3 | Reached skill level 5 in Hexes
 84402 | Depths:3 | Paralysed by a floating eye for 3 turns
 84524 | Depths:3 | Paralysed by a vampire knight for 3 turns
 84674 | Depths:3 | Reached skill level 14 in Spellcasting
 84846 | Depths:3 | Bought the ring "Ufuwus" {rC+ Int+4 Dex+4} for 878 gold
                  | pieces
 85130 | Depths:3 | Got Aherch Fuxes's Parchment of Puissant Reformation
 85273 | Depths:3 | Reached skill level 6 in Hexes
 85577 | Depths:4 | Entered Level 4 of the Depths
 85577 | Depths:4 | Noticed Boris
 85680 | Depths:3 | Learned a level 9 spell: Shatter
 85718 | Depths:4 | Noticed a juggernaut
 85719 | Depths:4 | Identified the ring of Ziawirea {rN+ Int+5 Dex+6}
 85731 | Depths:4 | Noticed a juggernaut
 85868 | Depths:4 | Noticed a juggernaut
 85875 | Depths:4 | Killed Boris
 85915 | Depths:4 | HP: 25/208 [juggernaut (54)]
 85919 | Depths:4 | Killed a juggernaut
 85927 | Depths:4 | Killed a juggernaut
 86128 | Depths:3 | Reached skill level 15 in Spellcasting
 86151 | Depths:4 | Reached skill level 22 in Earth Magic
 86613 | Depths:4 | Found a huge runed gate.
 86613 | Depths:4 | Found a huge runed gate.
 86613 | Depths:4 | Found a huge runed gate.
 86613 | Depths:4 | Found a huge runed gate.
 86614 | Depths:4 | Found a huge runed gate.
 86614 | Depths:4 | Found a huge runed gate.
 86615 | Depths:4 | Found a huge runed gate.
 86615 | Depths:4 | Found a huge runed gate.
 86615 | Depths:4 | Found a huge runed gate.
 86615 | Depths:4 | Found a huge runed gate.
 86615 | Depths:4 | Found a huge runed gate.
 86616 | Depths:4 | Found a huge runed gate.
 86617 | Depths:4 | Found a huge runed gate.
 86618 | Depths:4 | Found a huge runed gate.
 86619 | Depths:4 | Found a huge runed gate.
 86704 | Depths:4 | Found a huge runed gate.
 86705 | Depths:4 | Found a huge runed gate.
 86706 | Depths:4 | Found a huge runed gate.
 86707 | Depths:4 | Found a huge runed gate.
 86715 | Depths:4 | Found a huge runed gate.
 86715 | Depths:4 | Found a huge runed gate.
 86715 | Depths:4 | Found a huge runed gate.
 86715 | Depths:4 | Found a huge runed gate.
 86715 | Depths:4 | Found a huge runed gate.
 86715 | Depths:4 | Found a huge runed gate.
 86716 | Depths:4 | Found a huge runed gate.
 86717 | Depths:4 | Found a huge runed gate.
 86719 | Depths:4 | Found a huge runed gate.
 86730 | Depths:4 | Found a huge runed gate.
 86730 | Depths:4 | Found a huge runed gate.
 86730 | Depths:4 | Found a huge runed gate.
 86731 | Depths:4 | Found a huge runed gate.
 86732 | Depths:4 | Found a huge runed gate.
 86747 | Depths:4 | Killed a juggernaut
 87392 | Depths:4 | Found a gate to the Realm of Zot.
 87548 | Depths:4 | Reached XP level 25. HP: 160/165 MP: 2/42
 87712 | Depths:4 | Found a huge runed gate.
 87712 | Depths:4 | Found a huge runed gate.
 87712 | Depths:4 | Found a huge runed gate.
 88223 | Depths:4 | Upgraded the game from 0.30-a0-702-gdf48620a09 to
                  | 0.30-a0-711-gf4ac18a38d
 88505 | Crypt:1  | Entered Level 1 of the Crypt
 89419 | Crypt:1  | Identified the ring "Arasahu" {rF+ MP+9 Str+6}
 90007 | Crypt:2  | Noticed an ancient lich
 90055 | Crypt:2  | Reached skill level 23 in Earth Magic
 90198 | Crypt:2  | Found a transporter.
 91234 | Crypt:2  | Found a radiant altar of Vehumet.
 91259 | Crypt:3  | Entered Level 3 of the Crypt
 92199 | Crypt:3  | Reached skill level 16 in Spellcasting
 92588 | Crypt:3  | Got the Information on Ectoplasm
 93441 | Crypt:3  | Found a staircase to the Tomb.
 93677 | Crypt:3  | Noticed an ancient lich
 93683 | Crypt:3  | Killed an ancient lich
 93689 | Crypt:3  | Identified the amulet of Lorghimpu {Faith rPois rF+ Will-
                  | rCorr}
 93694 | Crypt:3  | Identified the ring of Xope {rN+ MP+9 Dex+4 Stlth+}
 93694 | Crypt:3  | Identified the ring of Spite {rN+ SInv}
 93713 | Crypt:3  | Got the Vellum of the Throng and Cadavers
 93922 | Crypt:3  | Reached skill level 10 in Staves
 94005 | Crypt:3  | Noticed Khufu
 94015 | Crypt:3  | Noticed a royal mummy
 94058 | Crypt:3  | Killed a royal mummy
 94058 | Crypt:3  | HP: 52/214 [something (16)]
 94350 | Crypt:3  | Killed Khufu
 94486 | Crypt:3  | Noticed a royal mummy
 94492 | Crypt:3  | Killed a royal mummy
 94493 | Crypt:3  | Reached skill level 11 in Staves
 94653 | Crypt:2  | Killed an ancient lich
 94679 | Crypt:2  | Identified the +0 hat of Dogmatism {Str-3 Int+4}
 94689 | Crypt:2  | Got the Elucidation of the Serac
 94824 | Crypt:2  | Found a transporter.
 95113 | Vaults:2 | Reached skill level 12 in Staves
 95309 | Vaults:2 | Found a transporter.
 95309 | Vaults:2 | Found a runed translucent door.
 95457 | Vaults:2 | Reached skill level 24 in Earth Magic
 95648 | Vaults:2 | Reached XP level 26. HP: 169/171 MP: 43/43
 95653 | Vaults:2 | Reached skill level 16 in Stealth
 95866 | Vaults:2 | Identified the +1 great sword "Uwacady" {vamp, *Corrode rF+
                  | rC+ Stlth+}
 96544 | D:14     | Identified the +9 hand axe of Xack {heavy, Int+2}
 96726 | Vaults:1 | Killed Emey's ghost
 96945 | Depths:1 | Reached skill level 13 in Staves
 96945 | Depths:1 | Reached skill level 17 in Spellcasting
 96946 | Depths:1 | Killed a dread lich
 96948 | Depths:1 | Reached skill level 17 in Stealth
 96983 | Depths:1 | Killed Roplacol's ghost
 97019 | Depths:1 | Identified the ring "Mempeula" {rPois Str+4 Dex+3}
 97023 | Depths:1 | Identified the ring of Ytadaliz {rC+ SInv}
 97192 | Depths:2 | Identified the +4 glaive of Slime {elec, rCorr Int+2}
 97269 | Zot:1    | Entered Level 1 of the Realm of Zot
 97538 | Zot:1    | Reached skill level 18 in Stealth
 97599 | Zot:1    | Found the +4 dragonskin cloak
 97599 | Zot:1    | Noticed Tiamat
 98495 | Zot:1    | Killed Tiamat
 98957 | Zot:1    | Reached skill level 18 in Spellcasting
 99059 | Zot:1    | Learned a level 8 spell: Lehudib's Crystal Spear
 99173 | Zot:2    | Noticed a Killer Klown
 99178 | Zot:2    | Killed a Killer Klown
 99716 | Zot:2    | Reached skill level 13 in Fighting
 99716 | Zot:2    | Reached skill level 13 in Dodging
101337 | Zot:3    | Reached skill level 14 in Fighting
101337 | Zot:3    | Reached skill level 14 in Dodging
101340 | Zot:3    | Reached XP level 27. HP: 183/183 MP: 17/45
101644 | Zot:3    | Identified the +3 leather armour "Roari" {+Blink Dex+3}
102166 | Zot:4    | Noticed an orb of fire
102594 | Zot:4    | Reached skill level 15 in Fighting
102594 | Zot:4    | Reached skill level 15 in Dodging
102782 | Zot:4    | Found a transporter.
102796 | Zot:4    | Identified the ring "Kaid" {*Slow rElec rN++ MP+9 Dex+2}
103032 | Zot:4    | Found a transporter.
103033 | Zot:4    | Found a transporter.
103047 | Zot:4    | Found a transporter.
103115 | Zot:4    | Gained mutation: You are occasionally teleported next to
                  | monsters. [an orb of fire]
103119 | Zot:4    | Killed an orb of fire
103128 | Zot:3    | Lost mutation: You occasionally lose the ability to drink
                  | potions when taking damage. [potion of mutation]
103128 | Zot:3    | Lost mutation: You are occasionally teleported next to
                  | monsters. [potion of mutation]
103128 | Zot:3    | Gained mutation: You are partially covered in iridescent
                  | scales. (AC +2) [potion of mutation]
103128 | Zot:3    | Gained mutation: Your system is resistant to poisons.
                  | (rPois) [potion of mutation]
103256 | Zot:4    | Found a transporter.
103257 | Zot:4    | Found a transporter.
103302 | Zot:5    | Entered Level 5 of the Realm of Zot
103377 | Zot:5    | Noticed an ancient lich
103638 | Zot:5    | Noticed a dread lich
103642 | Zot:5    | Noticed an orb of fire
103644 | Zot:5    | Noticed an orb of fire
103647 | Zot:5    | Noticed a dread lich
103663 | Zot:5    | Killed a dread lich
104128 | Zot:5    | Reached skill level 16 in Fighting
104128 | Zot:5    | Reached skill level 16 in Dodging
104156 | Zot:5    | Gained mutation: You are vulnerable to cold. (rC-) [an orb
                  | of fire]
104156 | Zot:5    | Gained mutation: Your magical capacity is low. (-10% MP)
                  | [an orb of fire]
104160 | Zot:5    | Gained mutation: Your body sometimes deteriorates upon
                  | taking damage. [an orb of fire]
104161 | Zot:5    | Killed an orb of fire
104242 | Zot:5    | Noticed an orb of fire
104245 | Zot:5    | Killed an orb of fire
104529 | Zot:5    | Got the Orb of Zot
104897 | D:8      | Noticed Suti the pandemonium lord
105026 | D:$      | Escaped with the Orb!

Illustrated notes

Levels and vault maps discovered:
D:1:      tarquinn_simple_flora_water_e, layout_rooms,
          shapermc_ecumenical_altar_hornbeckon
D:2:      layout_loops_ring, serial_shops, nicolae_lakefront_shop,
          nicolae_shop_vocational
D:3:      layout_loops_ring, nicolae_uskayaw_dance_hall,
          gammafunk_temple_overflow_elements, uniq_robin
D:4:      layout_rooms, uniq_blork_the_orc
D:5:      layout_rooms, nicolae_overflow_hallway_of_the_gods,
          cheibriados_altar_2
D:6:      layout_basic, minmay_temple_entry_enclosed_plants, uniq_pikel,
          uniq_maggie
D:7:      layout_loops_cross, lemuel_coloured_pillars_altar, dk_noncrumbling_3
D:8:      layout_basic, lair_entry_dummy
D:9:      layout_rooms, minmay_circle_x
D:10:     layout_long_grid, erik_orc_2
D:11:     layout_long_grid, portal_ice_cave_entry_pillars_1,
          wad_floor_pattern_untrapped, uniq_lodul
D:12:     layout_basic
D:13:     layout_roguey, skrybe_vaults_entry_preservation, bloody_trog,
          uniq_kirke, uniq_azrael
D:14:     layout_cave_pods, abandoned_shop, roderic_roman_lattice,
          nicolae_shop_i_like_big_books, minmay_protected_statue
D:15:     grunt_enter_depths_giant_problem, layout_cave_pools,
          chequers_mini_garden, serial_glass, glass_columns_b, glass_columns_a,
          glass_columns_b, glass_columns_b, glass_columns_b, glass_columns_a,
          serial_shops, shop, grunt_decor_clamped,
          hangedman_abyss_or_decor_passed
Lair:1:   layout_concentric_octagons, special_room [special_room_bee],
          chequers_serial_rivers_micro_b, serial_bayou_lagoon_a, uniq_sonja
Lair:2:   layout_chaotic_city, skrybe_swamp_entry_bodies,
          minmay_snake_entry_six_corridors, minivault_24
Lair:3:   layout_regular_city, grunt_megastairs_2
Lair:4:   nzn_winding_woodlands_medium [nzn_winding_woodlands_5x5_three,
          nzn_winding_woodlands_5x15_twine, nzn_winding_woodlands_5x5_cross,
          nzn_winding_woodlands_5x5_checkerboard,
          nzn_winding_woodlands_center_garden,
          nzn_winding_woodlands_5x5_open_star,
          nzn_winding_woodlands_5x5_perimeter,
          nzn_winding_woodlands_5x15_parted,
          nzn_winding_woodlands_5x5_closed_star], layout_layer_cave,
          beast_lair_carwin_8
Lair:5:   gammafunk_lair_ancient_temple, layout_gridlike,
          nicolae_slime_entry_slimehenge
Swamp:1:  nicolae_swamp_tree_isthmus, layout_basic_swamp,
          evilmike_swamp_ruin_house_3
Swamp:2:  layout_falls_marsh, hangedman_swamp_pad
Swamp:3:  layout_basic_swamp, hangedman_swamp_blocks, swamp_pool2,
          nicolae_swamp_necromancer_hut
Swamp:4:  swamp_alternative, layout_basic_swamp
Snake:1:  layout_basic, grunt_megastairs_5
Snake:2:  layout_basic, special_room, serial_corexii_hall,
          chequers_hall_statues_corner_a, chequers_hall_statues_corner_a,
          corexii_hall_statues_x, corexii_hall_statues_i,
          nicolae_snake_magic_snake_eye
Snake:3:  layout_layer_cave, serial_shops, shop
Snake:4:  hellmonk_snake_rune_quicksilver_temple, layout_cave_town
Orc:1:    layout_diamond_mine, guppyfry_library_mini, uniq_josephine
Orc:2:    st_orc_congregation, layout_diamond_mine, mines3_lemuel
Elf:1:    nicolae_elf_arrival_fired_up, layout_loops_ring, minivault_28,
          billiards_dpeg
Elf:2:    elven_hall_of_blades_hangedman_original
          [infiniplex_blade_entry_pillars], layout_geoelf_grid,
          grunt_ministairs_14, dilly_guarded_unrand_elemental_staff
Elf:3:    minmay_elf_hall_quartered_circle, layout_gridlike
Vaults:1: hellmonk_ghost_big_iron, nicolae_vaults_hallways_thing, v_misc_32,
          ontoclasm_vaults_ring_square, v_misc_26, v_misc_27,
          hangedman_vaults_maws, layout_vaults_omnigrid, uniq_saint_roka,
          uniq_aizul
Vaults:2: emtedronai_trogs_sanctum, nicolae_vaults_theta, v_misc_19,
          nicolae_vaults_three_branches, nicolae_vaults_little_squares_5,
          vaults_room_fours, vaults_standard_mumra_enter_the_diamond,
          nicolae_vaults_little_squares_5, vaults_room_semicircle,
          nicolae_vaults_bisected_slash, dpeg_vaults_monster_row,
          vaults_dpeg_emergency_exit, grunt_vaults_focal,
          layout_vaults_big_cross, uniq_xtahua, uniq_sojobo
Vaults:3: nicolae_vaults_display_case, ontoclasm_vaults_eye,
          vaults_mumra_hexcomb, nicolae_vaults_network_periphery, v_rooms_3,
          ontoclasm_vaults_tryst, dpeg_vaults_monster_box, vaults_room_grid,
          nicolae_vaults_asterisk, vaults_room_grid, vaults_room_grid,
          layout_vaults_big_room, minmay_crypt_entry_simple_round, uniq_boris
Vaults:4: nicolae_vaults_network_quinsquares
          [nicolae_vaults_network_quincunx_subvault,
          nicolae_vaults_network_quincunx_subvault,
          nicolae_vaults_network_quincunx_subvault,
          nicolae_vaults_network_quincunx_subvault], v_pattern_3,
          nicolae_vaults_mini_display_case, v_misc_12, vaults_room_boxed,
          hangedman_vaults_corner, nicolae_vaults_little_squares_2,
          ontoclasm_vaults_fault, nicolae_vaults_ring_of_whatevers,
          nicolae_vaults_little_squares_1, nicolae_vaults_theta,
          layout_vaults_ring, uniq_jory
Vaults:5: uniq_mennas, uniq_margery
Crypt:1:  layout_gridlike, grunt_crypt_arrival_split
Crypt:2:  gammafunk_sealed_library, layout_misc_corridors
Crypt:3:  due_elkab, layout_chaotic_city, tomb_entry_shell_bobbens,
          amcnicky_mini_pool_small, serial_sigils_hangedman_gnaw, uniq_khufu
Depths:1: layout_honeycomb, minmay_misc_feat_secret_circle,
          pf_hell_entry_tar_river, gammafunk_ghost_necromancy,
          kennysheep_generic_room_14, uniq_mara, uniq_enchantress, uniq_nikola
Depths:2: cheibrodos_tormentor_scu, layout_gridlike, enter_ziggurat_c,
          grunt_pan_entry_sceptre, nicolae_sif_muna_condensation,
          pf_hell_entry_great_geh, minmay_microvault, minmay_shop_grove,
          infiniplex_staircase_zigzag_2
Depths:3: minmay_blocking_statues, layout_basic, hell_entry, abyss_entry,
          statue_in_the_mist_lemuel, uniq_grunn
Depths:4: grunt_zot_entry_funnels, layout_cave_pools, grunt_hell_entry_dis_mu,
          abyss_entry_crystal, skrybe_limestone_x, not_door_vault_mu
Zot:1:    layout_misc_corridors, grunt_megastairs_1, uniq_tiamat
Zot:2:    ebering_greatest_show_in_zot, layout_onion_interference
Zot:3:    layout_misc_corridors
Zot:4:    layout_misc_corridors, serial_nicolae_subway,
          nicolae_sub_station_metal, nicolae_sub_station_stone,
          nicolae_sub_station_crystal
Zot:5:    layout_basic, st_stairs_12

Skill      XL: |  1  2  3  4  5  6  7  8  9 10 11 12 13 14 15 16 17 18 19 20 21 22 23 24 25 26 27 |
---------------+----------------------------------------------------------------------------------+-----
Earth Magic    | 4 5 6 8 10 12 16 18 19 21 22 24 | 24.0
Transmutations | 2 4 5 6 8 9 10 12 | 12.0
Conjurations   | 1 4 8 9 10 11 13 15 17 | 17.5
Spellcasting   | 3 6 7 8 9 10 13 15 16 18 | 18.0
Maces & Flails | 2 4 |  4.0
Stealth        | 5 10 11 13 15 18 | 18.0
Short Blades   | 3 7 8 10 | 10.0
Shields        | 4 5 6 8 |  8.0
Fighting       | 4 6 7 9 11 12 14 16 | 16.8
Dodging        | 5 6 7 9 11 12 14 16 | 16.8
Ice Magic      | 5 10 | 10.0
Evocations     | 6 9 10 | 10.0
Staves         | 2 8 9 12 13 | 13.9
Hexes          | 2 6 |  6.0

Action                     |  1- 3 |  4- 6 |  7- 9 | 10-12 | 13-15 | 16-18 | 19-21 | 22-24 | 25-27 || total
---------------------------+-------+-------+-------+-------+-------+-------+-------+-------+-------++-------
  Melee: Unarmed           |     7 |       |       |       |       |       |       |       |       ||     7
         Tentacles         |     5 |     3 |    19 |    41 |   265 |   137 |   185 |   210 |   324 ||  1189
         Constrict         |     4 |     6 |     7 |    23 |    83 |    36 |    58 |    48 |   101 ||   366
         Club              |    11 |       |       |       |       |       |       |       |       ||    11
         Whip              |       |    10 |       |       |       |       |       |       |       ||    10
         Demon whip        |       |    12 |    48 |    23 |    27 |       |       |       |       ||   110
         Punch             |       |     1 |     2 |     2 |    13 |     9 |     3 |    18 |    15 ||    63
         Dagger            |       |       |     7 |       |       |       |       |       |       ||     7
         Short sword       |       |       |       |   154 |   722 |   483 |   130 |    15 |    79 ||  1583
         Staff             |       |       |       |       |       |     7 |   370 |   545 |   667 ||  1589
   Cast: Sandblast         |    54 |    72 |     6 |       |       |       |       |       |       ||   132
         Stone Arrow       |       |     4 |   114 |   273 |   481 |   125 |   107 |       |       ||  1104
         Petrify           |       |       |    16 |    56 |   116 |   169 |    17 |     6 |       ||   380
         Lee's Rapid Decon |       |       |       |       |    27 |     1 |     5 |     3 |     4 ||    40
         Ozocubu's Armour  |       |       |       |       |    21 |    42 |    29 |       |       ||    92
         Passwall          |       |       |       |       |     6 |     7 |       |       |       ||    13
         Iron Shot         |       |       |       |       |     7 |   150 |   205 |   457 |   311 ||  1130
         Blink             |       |       |       |       |       |     1 |       |     1 |       ||     2
         Freezing Cloud    |       |       |       |       |       |    35 |    44 |    39 |    25 ||   143
         Irradiate         |       |       |       |       |       |     3 |     4 |     3 |     5 ||    15
         Statue Form       |       |       |       |       |       |       |    27 |   110 |   145 ||   282
         Apportation       |       |       |       |       |       |       |       |     1 |       ||     1
         Shatter           |       |       |       |       |       |       |       |       |    33 ||    33
         Lehudib's Crystal |       |       |       |       |       |       |       |       |    51 ||    51
 Invoke: Call Merchant     |       |       |       |     1 |     3 |       |       |     2 |       ||     6
         Potion Petition   |       |       |       |       |       |     1 |     6 |     5 |     2 ||    14
         Bribe Branch      |       |       |       |       |       |       |       |       |     2 ||     2
  Evoke: Wand              |       |       |       |    11 |    12 |     2 |     1 |     7 |     2 ||    35
         Phial of floods   |       |       |       |       |     1 |       |     1 |       |       ||     2
         Condenser vane    |       |       |       |       |     1 |       |       |     1 |       ||     2
    Use: Scroll            |     7 |     2 |     8 |    11 |     8 |    12 |    10 |     8 |    10 ||    76
         Potion            |       |     3 |       |     3 |     1 |     2 |     6 |     8 |     9 ||    32
   Stab: Petrified         |       |       |    35 |    54 |    71 |   105 |    11 |     2 |       ||   278
         Paralysed         |       |       |       |     2 |       |       |       |       |       ||     2
         Distracted        |       |       |       |     2 |     4 |     2 |     4 |    14 |    13 ||    39
         Sleeping          |       |       |       |     6 |    27 |    78 |    65 |     6 |    59 ||   241
         Petrifying        |       |       |       |     2 |    22 |    35 |     6 |       |       ||    65
         Invisible         |       |       |       |       |     1 |       |       |     1 |       ||     2
         Confused          |       |       |       |       |     2 |       |       |       |       ||     2
 Armour: Skin              |     2 |     4 |    10 |    75 |    80 |    48 |   205 |   395 |   295 ||  1114
  Dodge: Dodged            |    19 |    39 |    31 |   201 |   532 |   423 |   519 |   968 |   974 ||  3706
  Block: Buckler           |       |       |       |       |   230 |   195 |   247 |   461 |   497 ||  1630
         Reflection        |       |       |       |       |       |       |     2 |       |       ||     2

Table legend: (Time is in decaauts)
 A = Elapsed time spent in this place.
 B = Non-inter-level travel time spent in this place.
 C = Inter-level travel time spent in this place.
 D = Time resting spent in this place.
 E = Time spent auto-exploring this place.
 F = Levels seen in this place.
 G = Mean time per level.
                   A        B        C        D        E       F      G
               +--------+--------+--------+--------+--------+-----+--------+
         Total | 112238 |  99422 |  12816 |  30376 |  41343 |  52 | 2158.4 |
       Dungeon |  25797 |  20684 |   5113 |   4767 |  12464 |  15 | 1719.8 |
          Lair |  14214 |  12371 |   1843 |   5221 |   3775 |   5 | 2842.8 |
         Swamp |   5826 |   5466 |    360 |   1996 |   1546 |   4 | 1456.5 |
     Snake Pit |   8919 |   8514 |    405 |   2630 |   3950 |   4 | 2229.8 |
  Orcish Mines |   5022 |   3759 |   1263 |   1176 |   1193 |   2 | 2511.0 |
   Elven Halls |   6546 |   6190 |    356 |   1873 |   2453 |   3 | 2182.0 |
        Vaults |  14213 |  12303 |   1910 |   3773 |   4861 |   5 | 2842.6 |
         Crypt |   7987 |   7670 |    317 |   1704 |   3073 |   3 | 2662.3 |
        Depths |  12943 |  12085 |    858 |   4190 |   4779 |   4 | 3235.8 |
           Zot |   9151 |   8766 |    385 |   2333 |   2810 |   5 | 1830.2 |
         Abyss |      7 |      7 |      0 |      0 |      0 |   1 |    7.0 |
      Ice Cave |   1607 |   1607 |      0 |    711 |    439 |   1 | 1607.0 |
               +--------+--------+--------+--------+--------+-----+--------+

Top non-repeatable levels by time:
Depths:2: 4852 daAuts
Vaults:2: 4138 daAuts
 Crypt:3: 3738 daAuts
Depths:3: 3566 daAuts
  Lair:2: 3436 daAuts
  Lair:4: 3391 daAuts
Vaults:1: 3360 daAuts
   Orc:2: 3312 daAuts
    D:10: 2914 daAuts
  Lair:1: 2809 daAuts
   Elf:3: 2763 daAuts
    D:13: 2556 daAuts
Vaults:3: 2539 daAuts
 Snake:3: 2531 daAuts
   Zot:1: 2523 daAuts

Table legend:
 A = Kills in this place as a percentage of kills in entire the game.
 B = Kills by you in this place as a percentage of kills by you in the entire game.
 C = Kills by friends in this place as a percentage of kills by friends in the entire game.
 D = Other kills in this place as a percentage of other kills in the entire game.
 E = Experience gained in this place as a percentage of experience gained in the entire game.
 F = Experience gained in this place divided by the number of levels of this place that you have seen.
                   A       B       C       D       E      F
               +-------+-------+-------+-------+-------+----------------------
         Total | 100.0 | 100.0 | 100.0 | 100.0 | 100.0 | 26957.7
       Dungeon |  14.7 |  14.8 |   0.0 |   0.0 |   4.6 | 4342.7
          Lair |  10.3 |  10.2 |   0.0 |  60.0 |   5.1 | 14278.2
         Swamp |   5.9 |   5.9 |   0.0 |   0.0 |   5.2 | 18257.0
     Snake Pit |   7.6 |   7.6 |   0.0 |   0.0 |   6.6 | 23193.8
  Orcish Mines |   6.3 |   6.4 |   0.0 |   0.0 |   1.3 | 8909.5
   Elven Halls |   7.0 |   7.0 |   0.0 |   0.0 |   7.7 | 36166.7
        Vaults |  18.1 |  18.2 |   0.0 |   0.0 |  23.6 | 66041.6
         Crypt |   7.7 |   7.7 |   0.0 |  20.0 |   9.0 | 41871.3
        Depths |  11.6 |  11.6 |   0.0 |  20.0 |  17.9 | 62699.8
           Zot |   8.7 |   8.4 | 100.0 |   0.0 |  18.7 | 52445.2
      Ice Cave |   2.2 |   2.2 |   0.0 |   0.0 |   0.3 | 4301.0
               +-------+-------+-------+-------+-------+----------------------
